 Dungeon Crawl Stone Soup version 0.29.1-12-g30fa7ad0bf (webtiles) character file.

Game seed: 10278913497034878641

82 Mitcholas the Cudgeller (level 4, -3/35 HPs)
             Began as a Demonspawn Fighter on Dec 28, 2022.
             Was a Follower of Jiyva.
             Slain by a goblin
             ... wielding a +0 dagger
             ... led by Robin
              (5 damage)
             ... on level 2 of the Dungeon.
             The game lasted 00:03:56 (1362 turns).

Mitcholas the Cudgeller (Demonspawn Fighter)        Turns: 1362, Time: 00:03:57

Health: -3/35      AC:  9    Str: 19    XL:     4   Next: 21%
Magic:  4/4        EV:  9    Int:  9    God:    Jiyva [*.....]
Gold:   111        SH:  4    Dex: 12    Spells: 3/3 levels left

rFire   . . .      SeeInvis .   a - +0 flail
rCold   . . .      Faith    .   c - +0 buckler
rNeg    . . .      Spirit   .   b - +0 scale mail
rPois   .          Reflect  .   (no helmet)
rElec   .          Harm     .   (no cloak)
rCorr   .          Rampage  .   (no gloves)
Will    .....                   (no boots)
Stlth   ..........              (no amulet)
HPRegen 0.91/turn               (no ring)
MPRegen 0.34/turn               (no ring)

@: mighty
A: molten scales 2
a: Renounce Religion


You were on level 2 of the Dungeon.
You worshipped Jiyva.
Jiyva was aware of your devotion.
You visited 1 branch of the dungeon, and saw 2 of its levels.

You collected 111 gold pieces.

Inventory:

Hand Weapons
 a - a +0 flail (weapon)
Missiles
 g - 6 poisoned darts (quivered)
Armour
 b - a +0 scale mail (worn)
 c - a +0 buckler (worn)
Scrolls
 e - a scroll of fear {unknown}
 f - 2 scrolls of teleportation {unknown}
 h - a scroll of fog {unknown}


   Skills:
 - Level 3.0 Fighting
 + Level 4.1 Maces & Flails
 - Level 2.6 Armour
 - Level 2.6 Shields


You had 3 spell levels left.
You didn't know any spells.
Your spell library contained the following spells:

 Spells                   Type           Power      Damage    Failure   Level
 Slow                     Hex            0%         N/A       86%         1
 Confusing Touch          Hex            0%         N/A       99%         3
 Vampiric Draining        Necr           0%         2d6       99%         3


Dungeon Overview and Level Annotations

Branches:
Dungeon (2/15)

Altars:
Jiyva

Annotations:
D:2 Robin


Innate Abilities, Weirdness & Mutations

You are mostly covered in molten scales. (AC +3)


Message History

The endoplasm hits the hobgoblin.
The goblin hits you with a +0 dagger.
* * * LOW HITPOINT WARNING * * *
The hobgoblin hits you but does no damage.
Robin closely misses you. You block the goblin's attack.
The goblin hits you with a +0 dagger.
* * * LOW HITPOINT WARNING * * *
You barely miss the goblin.
The endoplasm closely misses the hobgoblin.
You block the goblin's attack.
The goblin barely misses the endoplasm.
The hobgoblin hits you.
* * * LOW HITPOINT WARNING * * *
The goblin hits you but does no damage. The goblin barely misses you.
You barely miss the hobgoblin.
The hobgoblin is heavily wounded.
The goblin hits the endoplasm with a +0 club.
The endoplasm dies!
You block the hobgoblin's attack. The goblin hits you but does no damage.
The goblin barely misses you. The goblin hits you but does no damage.
You sock the hobgoblin!
You kill the hobgoblin!
The goblin no longer looks unusually strong.
You block the goblin's attack. The goblin barely misses you.
The goblin hits you but does no damage. The goblin barely misses you.
The goblin hits you but does no damage. The goblin barely misses you.
You closely miss the goblin. The goblin barely misses you.
The goblin hits you but does no damage. The goblin hits you with a +0 club.
* * * LOW HITPOINT WARNING * * *
The goblin hits you but does no damage. x2
You closely miss the goblin. You block the goblin's attack.
The goblin hits you but does no damage. x2; The goblin barely misses you.
You sock the goblin!
You kill the goblin!
You block the goblin's attack. The goblin hits you with a +0 club.
* * * LOW HITPOINT WARNING * * *
Robin barely misses you. The goblin barely misses you. x2
The goblin hits you but does no damage.
Robin roars a battlecry!
The goblins go into a battle-frenzy!
The goblin hits you with a +0 dagger.
You die...

#............# ..#####
#............# .......
#............# .......
#............##.......
#.....................
#####.................
#.................
##.....g...........
#.....g@g..........
#.#.##g#g..........
#..#.g#............
#.#?##.#......####. #
#.#......# . ...#####
#..# ..#


You could see Robin and 5 goblins.

Vanquished Creatures
  Natasha (D:2)
  2 adders (D:2)
  A dart slug (D:1)
  2 endoplasms (D:1)
  A giant cockroach (D:2)
  7 hobgoblins
  2 kobolds (D:1)
  6 quokkas
  A ball python (D:2)
  4 bats
  3 frilled lizards
  7 goblins
37 creatures vanquished.

Vanquished Creatures (others)
  An endoplasm (D:2)
  A rat (D:2)
2 creatures vanquished.

Grand Total: 39 creatures vanquished

Notes
Turn   | Place    | Note
-------+----------+-------------------------------------------
     0 | D:1      | Mitcholas the Demonspawn Fighter began the quest for the
                  | Orb.
     0 | D:1      | Reached XP level 1. HP: 18/18 MP: 1/1
    42 | D:1      | Reached skill level 2 in Maces & Flails
   258 | D:1      | Gained mutation: You are partially covered in molten
                  | scales. (AC +2) [demonic ancestry]
   258 | D:1      | Reached XP level 2. HP: 18/24 MP: 2/2
   659 | D:1      | Reached skill level 3 in Maces & Flails
   858 | D:1      | Found a faded altar of an unknown god.
  1118 | D:1      | Prayed at the altar of an unknown god.
  1118 | D:1      | Became a worshipper of Jiyva Jugodes the Shapeless
  1118 | D:1      | Reached * piety under Jiyva
  1193 | D:2      | Gained mutation: You are mostly covered in molten scales.
                  | (AC +3) [demonic ancestry]
  1193 | D:2      | Reached XP level 3. HP: 28/29 MP: 3/3
  1254 | D:2      | Noticed Natasha
  1260 | D:2      | Killed Natasha
  1335 | D:2      | Reached XP level 4. HP: 29/35 MP: 4/4
  1341 | D:2      | Noticed Robin
  1344 | D:2      | Reached skill level 4 in Maces & Flails
  1362 | D:2      | Slain by a goblin

Illustrated notes

Levels and vault maps discovered:
D:1:      dpeg_arrival_oval, layout_basic, shapermc_ecumenical_altar_petra
D:2:      layout_basic, serial_rivers, chequers_serial_rivers_micro_b,
          chequers_serial_rivers_marsh, chequers_serial_rivers_large_a,
          chequers_serial_rivers_small_b, kennysheep_cross_room,
          minmay_small_reverse_x, uniq_robin, uniq_sigmund, uniq_natasha

Skill      XL: |  1  2  3  4 |
---------------+-------------+-----
Maces & Flails | 2 3 4 |  4.1
Fighting       | |  3.0
Armour         | |  2.6
Shields        | |  2.6

Action                   |  1- 3 |  4- 6 || total
-------------------------+-------+-------++-------
Melee: Flail             |    89 |    26 ||   115
  Use: Potion            |       |     1 ||     1
Armor: Scale mail        |    61 |    40 ||   101
Dodge: Dodged            |    53 |    35 ||    88
Block: Buckler           |    26 |    19 ||    45
